 Dungeon Crawl Stone Soup version 0.27-a0-417-g317cea8a3c (webtiles) character file.

Game seed: 11715897536893180364

247 jasper the Covert (level 5, -1/40 HPs)
             Began as a Spriggan Abyssal Knight on Feb 25, 2021.
             Was a Priest of Lugonu.
             Slain by an ogre
             ... wielding a +0 giant spiked club
              (3 damage)
             ... on level 4 of the Dungeon.
             The game lasted 00:08:48 (5360 turns).

jasper the Covert (Spriggan Abyssal Knight)         Turns: 5360, Time: 00:08:49

Health: -1/40      AC: 22    Str:  8    XL:     5   Next: 85%
Magic:  7/7        EV:  4    Int: 13    God:    Lugonu [***...]
Gold:   158        SH:  0    Dex: 16    Spells: 4/4 levels left

rFire    + . .     SeeInvis +   a - +1 short sword
rCold    . . .     Faith    .   (shield restricted)
rNeg     + + +     Spirit   .   (armour currently unavailable)
rPois    +         Reflect  .   (helmet currently unavailable)
rElec    .         Harm     .   (cloak currently unavailable)
rCorr    +         Rampage  .   (gloves unavailable)
Will     .....     NoTele   +   (boots unavailable)
Stlth    ++++......             (no amulet)
HPRegen  0.13/turn              l - ring of protection from fire
MPRegen  0.10/turn              c - ring of resist corrosion

@: tree-form
A: very small, unfitting armour, see invisible
a: Renounce Religion, Depart the Abyss, Bend Space, Banish


You were on level 4 of the Dungeon.
You worshipped Lugonu.
Lugonu was most pleased with you.
You were a tree.
You visited 1 branch of the dungeon, and saw 7 of its levels.
You visited the Abyss 1 time.

You collected 177 gold pieces.
You spent 19 gold pieces at shops.

Inventory:

Hand Weapons
 a - a +1 short sword (weapon)
 p - a +0 hunting sling
 q - a +0 dagger
Missiles
 i - 4 boomerangs (quivered)
 s - 9 poisoned darts
 t - 25 stones
Armour
 b - a +0 robe (melded)
 g - a +0 cloak (melded)
Jewellery
 c - a ring of resist corrosion (right branch)
 l - a ring of protection from fire (left branch)
Scrolls
 d - 2 scrolls of fog
 e - a scroll of amnesia
 f - 2 scrolls of teleportation
 h - 4 scrolls of blinking {unknown}
 j - a scroll of random uselessness {unknown}
 m - 2 scrolls of magic mapping {unknown}
 o - a scroll of noise {unknown}
Potions
 k - a potion of ambrosia
 n - a potion of degeneration
 r - a potion of lignification


   Skills:
 - Level 2.4 Fighting
 - Level 2.1 Short Blades
 - Level 3.2 Dodging
 + Level 9.1 Stealth
 - Level 1.7 Invocations


You had 4 spell levels left.
You didn't know any spells.
Your spell library was empty.

Dungeon Overview and Level Annotations

Branches:
Dungeon (7/15)
 Temple: D:4-7

Altars:
Dithmenos
Okawaru
Ru

Shops:
D:6 *

Annotations:
D:2 2 transporters
D:5 Eustachio


Innate Abilities, Weirdness & Mutations

You are very small and have problems with some larger weapons.
You are too small for most types of armour.
You have supernaturally acute eyesight. (SInv)
((You cover ground extremely quickly.))


Message History

You aren't carrying any items that you can evoke.
Unknown command.
a - a +1 short sword (weapon)
Throw: 5 boomerangs
Press: ? - help, Q - select action, (/) - cycle Shift-Dir - straight line, f - ogre
Aim: an ogre, wielding a +0 giant spiked club (75% to hit)
You throw a boomerang. The boomerang hits the ogre.
The ogre is lightly wounded.
Throw: 4 boomerangs
Press: ? - help, Q - select action, (/) - cycle Shift-Dir - straight line, f/p - ogre
Aim: an ogre, wielding a +0 giant spiked club (lightly wounded, 75% to hit)
You throw a boomerang. The boomerang barely misses the ogre.
You closely miss the ogre.
The ogre is lightly wounded.
The ogre hits you with a +0 giant spiked club!
You take 12 damage, and have 28/40 hp.
MASSIVE DAMAGE!!
You are too injured to fight recklessly!
You are too injured to fight recklessly!
You hit the ogre.
The ogre is lightly wounded.
The ogre hits you with a +0 giant spiked club!
You take 15 damage, and have 13/40 hp.
MASSIVE DAMAGE!!
You hit the ogre.
The ogre is moderately wounded.
You hit the ogre.
The ogre is moderately wounded.
The ogre barely misses you.
You hit the ogre.
The ogre is moderately wounded.
The ogre hits you with a +0 giant spiked club!
* * * LOW HITPOINT WARNING * * *
You take 12 damage, and have 2/40 hp.
MASSIVE DAMAGE!!
Press: ? - help, Shift-Dir - straight line, f/p - ogre
Aim: an ogre, wielding a +0 giant spiked club (moderately wounded, chance to affect: 80%)
You fail to use your ability.
Press: ? - help, Shift-Dir - straight line, f/p - ogre
Aim: an ogre, wielding a +0 giant spiked club (moderately wounded, chance to affect: 80%)
You fail to use your ability.
The ogre hits you with a +0 giant spiked club.
You die...

#....### ##..#...#
...>#...##
#.......####
#......#..#
#.....<.[.#
#########........##
###.#........<.....#
.##.......##...#♣.##
....##.#.###...O....#
.....#.#..........###
#...##...........##
....####...........
....# ##...........
....# ##....#.....
##### ....##.... #


You could see an ogre.

Vanquished Creatures
  An orc priest (D:3)
  A bullfrog skeleton (D:6)
  Terence (D:2)
  A worker ant (D:5)
  A hound skeleton (D:6)
  3 adders
  An ooze (D:5)
  An adder zombie (D:5)
  2 worms
  A dart slug (D:1)
  2 leopard geckos (D:6)
  7 orcs (D:3)
  2 ball pythons
  8 bats
  A giant cockroach (D:1)
  6 goblins
  9 hobgoblins
  7 jackals
  2 quokkas (D:6)
  3 frilled lizards
  A jackal zombie (D:5)
  7 kobolds
  9 rats
77 creatures vanquished.

Notes
Turn   | Place    | Note
-------+----------+-------------------------------------------
     0 | Abyss:1  | jasper the Spriggan Abyssal Knight began the quest for the
                  | Orb.
     0 | Abyss:1  | Reached XP level 1. HP: 11/11 MP: 3/3
     7 | Abyss:1  | Found a corrupted altar of Lugonu.
   113 | Abyss:1  | Noticed an unseen horror
   118 | D:1      | Escaped the Abyss
   296 | D:1      | Reached * piety under Lugonu
   297 | D:1      | Reached skill level 1 in Stealth
   310 | D:1      | Reached skill level 2 in Stealth
   604 | D:1      | Reached XP level 2. HP: 6/16 MP: 4/4
   687 | D:1      | Reached skill level 3 in Stealth
  1132 | D:1      | Reached skill level 4 in Stealth
  1317 | D:2      | Found a transporter.
  1319 | D:2      | Noticed an orc warrior
  1320 | D:2      | Noticed a scorpion
  1323 | D:2      | Found a sacrificial altar of Ru.
  1331 | D:2      | Found a transporter.
  1625 | D:2      | Reached XP level 3. HP: 19/19 MP: 5/5
  2061 | D:2      | Noticed Terence
  2077 | D:2      | Killed Terence
  2078 | D:2      | Reached skill level 5 in Stealth
  2439 | D:3      | Reached skill level 6 in Stealth
  2439 | D:3      | Reached XP level 4. HP: 23/23 MP: 6/6
  2692 | D:3      | Reached ** piety under Lugonu
  2750 | D:3      | You fall into a shaft and drop 2 floors!
  2750 | D:5      | Entered Level 5 of the Dungeon
  2969 | D:6      | Found an iron altar of Okawaru.
  3108 | D:6      | Noticed a black bear
  3134 | D:6      | Reached skill level 7 in Stealth
  3248 | D:6      | Reached XP level 5. HP: 14/27 MP: 7/7
  3524 | D:6      | Found Petiet's Assorted Antiques.
  3558 | D:6      | Bought a viscous white potion for 19 gold pieces
  3619 | D:6      | Noticed a sky beast
  3641 | D:6      | Noticed an ogre
  3654 | D:5      | Noticed Eustachio
  3690 | D:5      | Reached skill level 8 in Stealth
  3840 | D:4      | Noticed an ogre
  3885 | D:4      | Noticed an ogre
  3965 | D:3      | Found a shadowy altar of Dithmenos.
  4702 | D:3      | Reached *** piety under Lugonu
  4703 | D:3      | Reached skill level 9 in Stealth
  5358 | D:4      | HP: 2/40 [ogre/+0 giant spiked club (12)]
  5360 | D:4      | Slain by an ogre

Illustrated notes

Levels and vault maps discovered:
D:1:      dpeg_arrival_simpleton_b, layout_basic
D:2:      layout_loops_ring, gammafunk_temple_overflow_arena, uniq_terence
D:3:      layout_basic, nicolae_dithmenos_through_a_glass_darkly
D:4:      minmay_angry_zag, layout_cave_pools,
          gammafunk_temple_overflow_elements, uniq_menkaure
D:5:      layout_basic, doesnt_xom_only_xom, minmay_temple_entry_offerings,
          basic_altar, uniq_eustachio
D:6:      layout_cave_pools, serial_shops, nicolae_shop_waterfront,
          kennysheep_okawaru_gauntlet
D:7:      layout_loops_ring, grunt_temple_overflow_holy_war, fedhas_altar_1,
          uniq_pikel

Skill      XL: |  1  2  3  4  5 |
---------------+----------------+-----
Stealth        | 2 4 6 7 9 |  9.1
Fighting       | |  2.4
Short Blades   | |  2.1
Dodging        | |  3.2
Invocations    | |  1.7

Action                   |  1- 3 |  4- 6 || total
-------------------------+-------+-------++-------
Melee: Short sword       |    93 |   222 ||   315
Throw: Dart              |    22 |    28 ||    50
       Boomerang         |       |    19 ||    19
       Stone             |       |     1 ||     1
Invok: Depart the Abyss  |     1 |       ||     1
  Use: Potion            |       |     7 ||     7
       Scroll            |       |     5 ||     5
 Stab: Sleeping          |     7 |     4 ||    11
Armor: Robe              |     6 |    21 ||    27
Dodge: Dodged            |    68 |   195 ||   263

Table legend: (Time is in decaauts)
 A = Elapsed time spent in this place.
 B = Non-inter-level travel time spent in this place.
 C = Inter-level travel time spent in this place.
 D = Time resting spent in this place.
 E = Time spent auto-exploring this place.
 F = Levels seen in this place.
 G = Mean time per level.
                   A        B        C        D        E       F      G
               +--------+--------+--------+--------+--------+-----+--------+
         Total |   4315 |   4260 |     55 |   1568 |   1775 |   8 |  539.4 |
       Dungeon |   4243 |   4188 |     55 |   1568 |   1709 |   7 |  606.1 |
         Abyss |     72 |     72 |      0 |      0 |     65 |   1 |   72.0 |
               +--------+--------+--------+--------+--------+-----+--------+

Top non-repeatable levels by time:
     D:3: 1293 daAuts
     D:2: 992 daAuts
     D:1: 956 daAuts
     D:6: 768 daAuts
     D:4: 149 daAuts
     D:5: 82 daAuts
 Abyss:1: 72 daAuts
     D:7: 1 daAuts
